 Dungeon Crawl Stone Soup version 0.20.0-7-g3b7b877 (webtiles) character file.

12 RKaid the Caller (level 2, 0/11 HPs)
             Began as a Felid Summoner on May 29, 2017.
             Slain by a bat (1 damage)
             ... on level 1 of the Dungeon.
             The game lasted 00:04:06 (959 turns).

RKaid the Caller (Felid Summoner)                    Turns: 959, Time: 00:04:07

Health: 0/11       AC:  1    Str:  4    XL:     2   Next: 20%
Magic:  6/6        EV: 18    Int: 16    God:
Gold:   88         SH:  0    Dex: 16    Spells: 4/5 levels left
                                        Lives:  0   Deaths: 0

rFire    . . .     SeeInvis +   (weapon unavailable)
rCold    . . .     Gourm    .   (shield unavailable)
rNeg     . . .     Faith    .   (armour unavailable)
rPois    .         Spirit   .   (helmet unavailable)
rElec    .         Reflect  .   (cloak unavailable)
rCorr    .         Harm     .   (gloves unavailable)
MR       .....                  (boots unavailable)
Stlth    +++.......             (no amulet)
Regen    0.1/turn               (no ring)
MPRegen  0.1/turn               (no ring)

@: quick
A: no armour, no weapons or thrown items, stealth, claws 1, fangs 3, see
invisible, carnivore 3, speed 1, shaggy fur 1, slow metabolism 1, sharp paws
a: no special abilities


You were on level 1 of the Dungeon.
You were very full.

You visited 1 branch of the dungeon, and saw 1 of its levels.

You collected 88 gold pieces.

Inventory:

Jewellery
 g - an uncursed ring of poison resistance {unknown}
   (You found it on level 1 of the Dungeon)
Scrolls
 c - a scroll of identify {unknown}
 e - a scroll of remove curse {unknown}
 f - a scroll of recharging {unknown}
 h - a scroll of blinking {unknown}
 i - a scroll of fog {unknown}
Potions
 d - 2 potions of resistance {unknown}
Books
 a - a book of Callings
Comestibles
 b - a meat ration


   Skills:
 + Level 3.1 Dodging
 - Level 2.6 Stealth
 * Level 0.4 Unarmed Combat
 + Level 2.0 Spellcasting
 * Level 4.2 Summonings


You had 4 spell levels left.
You knew the following spells:

 Your Spells              Type           Power        Failure   Level  Hunger
a - Summon Small Mammal   Summ           ###.         3%          1    #......


Dungeon Overview and Level Annotations

Branches:
Dungeon (1/15)

Altars:


Innate Abilities, Weirdness & Mutations

You cannot wear armour.
You are incapable of wielding weapons or throwing items.
Your paws allow you to move quietly. (Stealth)
You have sharp claws.
You have razor-sharp teeth.
You have supernaturally acute eyesight. (SInv)
You are carnivorous and can eat meat at any time.
You cover ground quickly.
You are covered in fur. (AC +1)
You have a slow metabolism.
Your sharp claws are effective at attacking unaware monsters.


Message History

A bat comes into view.
You see here 11 gold pieces.
You now have 88 gold pieces (gained 11).
You pounce on the unaware helpless bat!
You claw the bat!
You kill the bat!
You see here 20 poisoned needles.
You see here a runed mace.
A kobold comes into view. It is wielding a dagger.
The kobold throws a stone.
The stone completely misses you.
You closely miss the kobold. The kobold misses you.
You closely miss the kobold. The kobold misses you.
You scratch the kobold but do no damage.
The kobold barely misses you.
You closely miss the kobold. The kobold hits you with a dagger.
Ouch! That really hurt!
You miss the kobold. The kobold barely misses you.
You scratch the kobold but do no damage.
The kobold barely misses you.
Casting: Summon Small Mammal
Confirm with . or Enter, or press ? or * to list all spells.
The kobold barely misses you. The kobold hits you with a dagger.
Casting: Summon Small Mammal
Confirm with . or Enter, or press ? or * to list all spells.
Your quokka bites the kobold.
The kobold closely misses your quokka.
Your quokka closely misses the kobold.
The kobold hits your quokka but does no damage.
You swap places.
Your quokka bites the kobold.
The kobold dies!
h - a scroll labeled JYGROIG HUFACY You swap places.
Things that are here:
a dagger; a kobold corpse Your quokka disappears in a puff of smoke!
Your quokka disappears in a puff of smoke!
A bat comes into view.
A bat is nearby!
The bat barely misses you.
You closely miss the bat. You bite the bat.
The bat hits you but does no damage. The bat hits you.
You barely miss the bat. The bat closely misses you.
Casting: Summon Small Mammal
Confirm with . or Enter, or press ? or * to list all spells.
The bat closely misses you. The bat closely misses you.
The bat barely misses you.
You swap places.
Your bat closely misses the bat.
The bat closely misses your bat. The bat misses your bat.
Your bat closely misses the bat.
The bat misses your bat.
Your bat misses the bat. The bat misses your bat.
Your bat misses the bat. The bat hits your bat.
Your bat closely misses the bat. x2; The bat completely misses you.
The bat barely misses you.
You scratch the bat but do no damage. Your bat hits the bat.
The bat barely misses you.
Your bat closely misses the bat.
You scratch the bat.
You kill the bat!
You see here a bat corpse.
You butcher the bat corpse.
i - a chunk of flesh You see here a bat skeleton.
You start resting.
Eating a chunk of flesh.
You eat the chunk of flesh.
This raw flesh tastes great.
Your bat disappears in a puff of smoke!
You see here a bat skeleton.
Found a glowing spear.
A bat comes into view.
Found 15 gold pieces.
Found a stone staircase leading down.
You see here a scroll labeled OQELIMN XINUL.
i - a scroll labeled OQELIMN XINUL A goblin comes into view.
It is wielding a club.
You see here a glowing spear.
The bat closely misses you.
You scratch the bat. The bat completely misses you. The bat closely misses you.
The bat closely misses you.
You completely miss the bat. The bat barely misses you.
You barely miss the bat. The bat barely misses you.
The bat completely misses you.
You barely miss the bat. The bat hits you. The bat completely misses you.
The bat hits you but does no damage.
The goblin shouts!
The bat misses you. The bat closely misses you.
You scratch the bat but do no damage. The bat completely misses you.
The bat closely misses you. The goblin barely misses you.
You barely miss the bat. The bat closely misses you. The bat misses you.
The goblin misses you.
You scratch the bat but do no damage. The bat closely misses you.
You closely miss the goblin. The bat barely misses you.
The goblin hits you with a club. The bat barely misses you.
The bat completely misses you. The goblin hits you with a club.
* * * LOW HITPOINT WARNING * * *
Unknown command.
The bat barely misses you. The bat hits you.
* * * LOW HITPOINT WARNING * * *
The bat hits you but does no damage. The bat hits you.
You die...

#.####...)..# #...≈≈≈≈..#
#.####..###.########.....§.##
#.##.................#..##.#
#.##..$..#...........#.##..##
#...........#########..##...#
####.$...#.g# #.###....
#...>.##.# ##.# #..##
###.####b########..###..# #.
#.@..........##..# ##
#########..#.##..#
##.##.##..# #..# .##..# ##.##
.##..# #..# .##.%#
######.####.##..#
#...........##..# #.#
#.###..#######..#


You could see a goblin and a bat.

Vanquished Creatures
  An ooze (D:1)
  A leopard gecko (D:1)
  A goblin (D:1)
  3 bats (D:1)
  A kobold (D:1)
7 creatures vanquished.

Vanquished Creatures (collateral kills)
  2 kobolds (D:1)
2 creatures vanquished.

Grand Total: 9 creatures vanquished

Notes
Turn   | Place    | Note
-------+----------+-------------------------------------------
     0 | D:1      | RKaid the Felid Summoner began the quest for the Orb.
     0 | D:1      | Reached XP level 1. HP: 7/7 MP: 4/4
   178 | D:1      | Reached skill level 3 in Dodging
   531 | D:1      | Reached XP level 2. HP: 11/11 MP: 6/6
   954 | D:1      | HP: 2/11 [goblin/club (5)]
   959 | D:1      | Slain by a bat

Skill      XL: |  1 |
---------------+----+-----
Dodging        | 3 |  3.1
Stealth        | |  2.6
Unarmed Combat | |  0.4
Spellcasting   | |  2.0
Summonings     | |  4.2

Action                   || total
-------------------------++-------
Melee: Unarmed           ||    44
       Bite              ||     4
 Cast: Summon Small Mamm ||     5
 Stab: Sleeping          ||     2
  Eat: Chunk             ||     5
Armor: Skin              ||     3
Dodge: Dodged            ||    52

Table legend:
 A = Turns spent in this place as a percentage of turns spent in the entire game.
 B = Non-inter-level travel turns spent in this place as a percentage of non-inter-level travel turns spent in the entire game.
 C = Inter-level travel turns spent in this place as a percentage of turns spent in this place.
 D = Turns resting spent in this place as a percentage of non-inter-level travel turns spent in this place.
 E = Turns spent auto-exploring this place as a percentage of non-inter-level travel turns spent in this place.
 F = Non-inter-level travel turns spent in this place divided by the number of levels of this place that you've seen.
                   A       B       C       D       E      F
               +-------+-------+-------+-------+-------+----------------------
         Total | 100.0 | 100.0 |   0.4 |   3.9 |   5.8 | 257.0
       Dungeon | 100.0 | 100.0 |   0.4 |   3.9 |   5.8 | 257.0
               +-------+-------+-------+-------+-------+----------------------

Table legend:
 A = Kills in this place as a percentage of kills in entire the game.
 B = Kills by you in this place as a percentage of kills by you in the entire game.
 C = Kills by friends in this place as a percentage of kills by friends in the entire game.
 D = Other kills in this place as a percentage of other kills in the entire game.
 E = Experience gained in this place as a percentage of experience gained in the entire game.
 F = Experience gained in this place divided by the number of levels of this place that you have seen.
                   A       B       C       D       E      F
               +-------+-------+-------+-------+-------+----------------------
         Total | 100.0 | 100.0 | 100.0 |  -nan | 100.0 |  18.0
       Dungeon | 100.0 | 100.0 | 100.0 |  -nan | 100.0 |  18.0
               +-------+-------+-------+-------+-------+----------------------
